 Dungeon Crawl Stone Soup version 0.31-a0-1178-gc5c9b8f871 (webtiles) character file.

Game seed: 15295565505330573199

387 qw the Shooter (level 6, 0/38 HPs)
             Began as a Gargoyle Hunter on Dec 11, 2023.
             Killed by divine providence
             ... invoked by an orc priest
              (13 damage)
             ... on level 4 of the Dungeon.
             The game lasted 00:01:23 (3110 turns).

qw the Shooter (Gargoyle Hunter)                    Turns: 3110, Time: 00:01:24

Health: 0/38       AC: 14    Str: 15    XL:     6   Next: 78%
Magic:  15/15      EV: 11    Int:  9    God:
Gold:   272        SH:  0    Dex: 15    Spells: 5/5 levels left

rFire   . . .        a - +1 shortbow
rCold   + + .        (shield currently unavailable)
rNeg    + . .        c - +2 ring mail "Suanadem" {rC+ MP+9}
rPois   inf          g - +1 hat
rElec   +            (no cloak)
rCorr   .            d - +0 pair of gloves
SInv    .            i - +0 pair of boots
Will    .....        (no amulet)
Stlth   +            k - ring of protection from cold
HPRegen 0.26/turn    (no ring)
MPRegen 0.14/turn

%: no passive effects
@: no status effects
A: sickness immunity, AC +4, negative energy resistance 1, electricity
resistance, torment resistance 1, petrification resistance
a: no special abilities


You were on level 4 of the Dungeon.
You visited 2 branches of the dungeon, and saw 5 of its levels.
You also visited: Sewer.

You collected 272 gold pieces.


Innate Abilities, Weirdness & Mutations

You are immune to sickness and miasma.
Your stone body is resilient. (AC +4)
You are immune to poison.
You resist negative energy. (rN+)
You are resistant to electric shocks. (rElec)
You are resistant to unholy torment.
You are immune to petrification.


   Skills:
 - Level 4.1 Fighting
 - Level 7.0 Ranged Weapons
 + Level 1.3 Armour
 - Level 1.5 Dodging
 - Level 1.1 Stealth


You had 5 spell levels left.
You didn't know any spells.
Your spell library was empty.

Inventory:

Hand Weapons
 a - a +1 shortbow (weapon)
Armour
 c - the +2 ring mail "Suanadem" (worn) {rC+ MP+9}
   (You found it on level 3 of the Dungeon)

   rC+:       It protects you from cold.
   MP+9:      It affects your magic capacity (+9).
 d - a +0 pair of gloves (worn)
 g - a +1 hat (worn)
 i - a +0 pair of boots (worn)
Jewellery
 k - a ring of protection from cold (left hand)
Scrolls
 h - a scroll of immolation {unknown}
Potions
 b - a potion of enlightenment
 f - a potion of might
 j - a potion of heal wounds {unknown}

Dungeon Overview and Level Annotations

Branches:
Dungeon (4/15)             Temple (1/1) D:4           Sewer (visited)

Altars:
Cheibriados
Elyvilon
Fedhas
Nemelex Xobeh
Sif Muna
Uskayaw
Vehumet
Xom


Message History

The orc priest looks encouraged for a moment.
The goblin closely misses you.
The orc wizard points at you and mumbles some strange words.
The puff of flame hits you but does no damage.
Enter note:
Enter note:
Enter note:
Enter note:
3104 ||| Stepping ~*~*~tactically~*~*~ (retreating).
The orc priest calls upon Beogh to heal the orc wizard.
The orc wizard is healed somewhat.
The goblin attacks as it pursues you! The goblin hits you but does no damage.
The orc wizard attacks as it pursues you!
The orc wizard hits you but does no damage.
Enter note:
Enter note:
3105 ||| Stepping ~*~*~tactically~*~*~ (retreating).
The orc priest calls down the wrath of Beogh upon you.
Beogh smites you!
Enter note:
Enter note:
3106 ||| Stepping ~*~*~tactically~*~*~ (retreating).
There is an open door here.
You shoot an arrow. The arrow hits the orc wizard.
The orc wizard is heavily wounded.
You shoot an arrow. The arrow hits the orc wizard.
The orc wizard is almost dead.
The orc wizard mumbles some strange words.
The orc wizard flickers and vanishes!
Deactivating autopickup; reactivate with Ctrl-A.
You shoot an arrow. The arrow barely misses the orc priest.
The arrow hits the hobgoblin!
You kill the hobgoblin!
The orc priest hits you but does no damage.
Something hits you but does no damage.
You shoot an arrow. The arrow hits the orc priest.
The orc priest is moderately wounded.
The orc priest invokes the aid of Beogh against you.
Beogh smites you!
You die...

.. #...# .##...# g....#
o...# ###### ### #.).#
##..<.###.########...#
#......#....#...oo...#
##......'....#.g{o....#
.....##.########@##...#
#######.######...##...#
# #................# ##
#...........)....# .##
#................# ..#
##..######..##...# #.#
##..###.##..# ...#
..####........#..# ..#
....##........#..# ..#


You could see 2 orc priests, an orc and a goblin.

Vanquished Creatures
  2 bullfrogs (Sewer)
  A hound (D:4)
  2 iguanas (D:4)
  Jessica (D:2)
  4 adders
  2 worms (D:2)
  7 orcs
  11 ball pythons
  8 endoplasms
  8 giant cockroaches
  8 goblins
  7 hobgoblins
  5 kobolds
  11 quokkas
  5 bats
  13 frilled lizards
  3 rats
98 creatures vanquished.

Notes
Turn   | Place    | Note
-------+----------+-------------------------------------------
     0 | D:1      | qw the Gargoyle Hunter began the quest for the Orb.
     0 | D:1      | Reached XP level 1. HP: 12/12 MP: 1/1
     0 | D:1      | 0 ||| qw: Version: 0.3-a-106-g2cfff9e
     0 | D:1      | 0 ||| qw: Game counter: 1993
     0 | D:1      | 0 ||| qw: Melee chars always use a shield: true
     0 | D:1      | 0 ||| qw: God list: Okawaru
     0 | D:1      | 0 ||| qw: Allow faded altars: false
     0 | D:1      | 0 ||| qw: Do Orc after clearing Dungeon:15 true
     0 | D:1      | 0 ||| qw: Do second Lair branch before Depths: true
     0 | D:1      | 0 ||| qw: Lair rune preference: random
     0 | D:1      | 0 ||| qw: Goals: Normal, Save, Zot:1-4, Win
     0 | D:1      | 0 ||| PLANNING D:1-11
   142 | D:1      | Reached XP level 2. HP: 17/17 MP: 2/2
   448 | D:1      | Reached XP level 3. HP: 21/21 MP: 3/3
   662 | D:1      | 662 ||| READING scroll labelled SUXY CUESOJEOMOUDD.
   665 | D:1      | 665 ||| DROPPING scroll of butterflies.
   686 | D:2      | Reached skill level 5 in Ranged Weapons
   730 | D:2      | Noticed Jessica
   741 | D:2      | Killed Jessica
   742 | D:2      | Reached skill level 3 in Fighting
   767 | D:2      | Reached XP level 4. HP: 28/28 MP: 4/4
   929 | D:2      | 929 ||| FLEEEEING.
   930 | D:2      | 930 ||| FLEEEEING.
   931 | D:2      | 931 ||| FLEEEEING.
   932 | D:2      | 932 ||| FLEEEEING.
   933 | D:2      | 933 ||| FLEEEEING.
   934 | D:2      | 934 ||| FLEEEEING.
   935 | D:2      | 935 ||| FLEEEEING.
   936 | D:2      | 936 ||| FLEEEEING.
   937 | D:2      | 937 ||| FLEEEEING.
   938 | D:2      | 938 ||| FLEEEEING.
   939 | D:2      | 939 ||| FLEEEEING.
  1361 | D:2      | 1361 ||| UPGRADING to +0 pair of gloves.
  1366 | D:2      | 1366 ||| UPGRADING to +2 leather armour of cold resistance.
  1376 | D:2      | 1376 ||| DROPPING +0 leather armour.
  1377 | D:2      | 1377 ||| UPGRADING to +0 pair of boots.
  1382 | D:2      | 1382 ||| UPGRADING to ring of protection from cold.
  1383 | D:2      | 1383 ||| READING scroll labelled NIEBLIEJ MYLA.
  1402 | D:2      | 1402 ||| READING scroll labelled XASTON ZIORR.
  1503 | D:2      | 1503 ||| READING scroll labelled HYILUS ZEOC.
  1609 | D:3      | 1609 ||| PLANNING SEWER
  1638 | D:3      | Identified the +2 ring mail "Suanadem" {rC+ MP+9}
  1667 | D:3      | Found a faded altar of an unknown god.
  1716 | D:3      | Found a glowing drain.
  1717 | D:3      | 1717 ||| UPGRADING to +2 ring mail "Suanadem" {rC+ MP+9}.
  1727 | D:3      | 1727 ||| DROPPING +2 leather armour of cold resistance.
  1728 | D:3      | 1728 ||| DRINKING 2 glowing amethyst potions.
  1746 | Sewer    | Entered a sewer
  1753 | Sewer    | Reached skill level 1 in Armour
  1875 | Sewer    | Reached XP level 5. HP: 32/32 MP: 5/5
  1992 | Sewer    | Reached skill level 6 in Ranged Weapons
  2019 | Sewer    | Reached XP level 6. HP: 26/38 MP: 6/6
  2272 | Sewer    | 2272 ||| READING scroll labelled ESCHOOD MA FAXT.
  2272 | Sewer    | 2272 ||| ENCHANTING +0 shortbow.
  2292 | D:3      | 2292 ||| PLANNING D:1-11
  2678 | D:3      | 2678 ||| DRINKING 2 fizzy dark potions.
  2780 | D:4      | HP: 9/38 [iguana (5)]
  2781 | D:4      | 2781 ||| DRINKING 2 fuming pink potions.
  2782 | D:4      | 2782 ||| DRINKING clear potion.
  2783 | D:4      | 2783 ||| DRINKING yellow potion.
  2783 | D:4      | HP: 4/38 [iguana (4)]
  2789 | D:4      | HP: 5/38 [frozen (1)]
  2969 | D:4      | Found a staircase to the Ecumenical Temple.
  2970 | D:4      | 2970 ||| PLANNING TEMPLE
  2970 | D:4      | 2970 ||| UPGRADING to +1 hat.
  2980 | Temple   | Entered the Ecumenical Temple
  2981 | Temple   | 2981 ||| PLANNING D:1-11
  3085 | D:4      | Reached skill level 7 in Ranged Weapons
  3090 | D:4      | 3090 ||| DRINKING potion of curing.
  3090 | D:4      | 3090 ||| (to cure confusion)
  3104 | D:4      | 3104 ||| Stepping ~*~*~tactically~*~*~ (retreating).
  3105 | D:4      | 3105 ||| Stepping ~*~*~tactically~*~*~ (retreating).
  3106 | D:4      | 3106 ||| Stepping ~*~*~tactically~*~*~ (retreating).
  3110 | D:4      | Killed from afar by an orc priest

Levels and vault maps discovered:
D:1:      lemuel_arrival_funnel, layout_loops_ring
D:2:      layout_loops_cross, uniq_jessica
D:3:      layout_rooms, cheibrodos_sewer_entry_drain,
          nicolae_ecumenical_lake_church
D:4:      layout_gridville, minmay_temple_entry_waves, kennysheep_generic_room_9
Temple:   nicolae_temple_two_arcs

Skill      XL: |  1  2  3  4  5  6 |
---------------+-------------------+-----
Ranged Weapons | 5 6 7 |  7.0
Fighting       | 3 4 |  4.1
Armour         | 1 |  1.3
Dodging        | |  1.5
Stealth        | |  1.1

Action                     |  1- 3 |  4- 6 || total
---------------------------+-------+-------++-------
   Fire: Shortbow          |    91 |   267 ||   358
    Use: Scroll            |     1 |     4 ||     5
         Potion            |       |     6 ||     6
 Armour: Leather armour    |    28 |     9 ||    37
         Ring mail         |       |   125 ||   125
  Dodge: Dodged            |    26 |   102 ||   128

Table legend:
 A = Non-vault XP
 B = Vault XP
 C = Vault XP percentage of total XP
 D = Non-vault monster count
 E = Vault monster count
 F = Vault count percentage of total count
                 A         B        C        D         E       F
            +---------+---------+-------+---------+---------+-------
      Total |     264 |     289 |  52.3 |      71 |      27 |  27.6
            +---------+---------+-------+---------+---------+-------
        D:1 |      38 |       0 |   0.0 |      21 |       0 |   0.0
        D:2 |      51 |      37 |  42.0 |      19 |       1 |   5.0
        D:3 |      28 |       6 |  17.6 |      16 |       3 |  15.8
        D:4 |     147 |       0 |   0.0 |      15 |       0 |   0.0
      Sewer |       0 |     246 | 100.0 |       0 |      23 | 100.0
            +---------+---------+-------+---------+---------+-------
